 Dungeon Crawl Stone Soup version 0.29.1-2-gbd0b4ee654 (webtiles) character file.

Game seed: 3657631920017156089

1022 croobank the Conjurer (level 8, 0/58 HPs)
             Began as a Demonspawn Conjurer on Nov 21, 2022.
             Slain by a bullfrog zombie (3 damage)
             ... in an ossuary.
             The game lasted 00:17:42 (4654 turns).

croobank the Conjurer (Demonspawn Conjurer)         Turns: 4654, Time: 00:17:43

Health: 0/58       AC:  4    Str:  8    XL:     8   Next: 2%
Magic:  9/14       EV: 12    Int: 25    God:
Gold:   200        SH:  9    Dex: 10    Spells: 9/15 levels left

rFire   . . .      SeeInvis .   d - +0 short sword
rCold   . . .      Faith    .   (no shield)
rNeg    . . .      Spirit   .   a - +0 robe
rPois   .          Reflect  +   (no helmet)
rElec   .          Harm     .   r - +0 cloak
rCorr   .          Rampage  .   f - +0 pair of gloves
Will    .....      Rage     3%  (no boots)
Stlth   ++........              i - amulet of reflection
HPRegen 0.19/turn               (no ring)
MPRegen 0.28/turn               (no ring)

@: no status effects
A: large bone plates 1, demonic guardian 2, magic regeneration, berserk 1,
clever 1
a: no special abilities


You were in an ossuary.
You visited 1 branch of the dungeon, and saw 5 of its levels.
You also visited: Ossuary.

You collected 200 gold pieces.

Inventory:

Hand Weapons
 d - a +0 short sword (weapon)
 j - a +1 sling
 q - a +2 mace of protection
 t - a +0 falchion
 v - a +0 quarterstaff of draining
Missiles
 e - 2 throwing nets
 g - 20 poisoned darts
Armour
 a - a +0 robe (worn)
 f - a +0 pair of gloves (worn)
 r - a +0 cloak (worn)
 u - a +0 ring mail
 w - a +0 leather armour
Jewellery
 i - an amulet of reflection (around neck)
 n - a ring of ice
Scrolls
 c - 3 scrolls of teleportation
 k - 2 scrolls of summoning
 l - 3 scrolls of poison
 m - 2 scrolls of enchant armour
 x - a scroll of immolation
 y - a scroll of vulnerability {unknown}
 B - a scroll of identify
Potions
 b - a potion of magic
 h - a potion of might
 o - 2 potions of curing
 p - 2 potions of brilliance {unknown}
 s - a potion of mutation
 z - 2 potions of flight {unknown}
 A - a potion of ambrosia {unknown}


   Skills:
 + Level 3.1 Fighting
 + Level 3.9 Dodging
 + Level 4.3 Stealth
 + Level 4.1 Spellcasting
 + Level 5.6 Conjurations
 + Level 3.0 Hexes


You had 9 spell levels left.
You knew the following spells:

 Your Spells              Type           Power      Damage    Failure   Level
a - Magic Dart            Conj           100%       1d8       1%          1
b - Searing Ray           Conj           66%        2d6       1%          2
c - Dazzling Flash        Conj/Hex       52%        N/A       4%          3

Your spell library contained the following spells:

 Spells                   Type           Power      Damage    Failure   Level
 Tukima's Dance           Hex            20%        N/A       8%          3
 Apportation              Tloc           10%        N/A       9%          1
 Beastly Appendage        Tmut           10%        N/A       9%          1
 Necrotise                Necr           20%        1d5       9%          1
 Summon Small Mammal      Summ           20%        N/A       9%          1
 Wereblood                Tmut           5%         N/A       14%         2
 Portal Projectile        Hex/Tloc       24%        N/A       14%         3
 Fulminant Prism          Conj/Hex       13%        3d9       16%         4
 Call Canine Familiar     Summ           5%         N/A       26%         3
 Spider Form              Tmut/Pois      5%         N/A       26%         3
 Iskenderun's Mystic Bla  Conj/Tloc      19%        2d6       28%         4
 Leda's Liquefaction      Hex/Erth       6%         N/A       43%         4
 Blade Hands              Tmut           2%         N/A       94%         5


Dungeon Overview and Level Annotations

Branches:
Dungeon (5/15)            Ossuary (1/1)
 Temple: D:4-7

Altars:
Gozag

Annotations:
D:3 3 runed translucent doors, Dietz's ghost, amateur VSBr


Innate Abilities, Weirdness & Mutations

You are partially covered in large bone plates. (SH +4)
A demonic guardian rushes to your aid.
You regenerate magic rapidly.
You sometimes lose your temper in combat.
Your mind is acute. (Int +4, Str/Dex -1)


Message History

Casting: Searing Ray (safe; 1% risk of failure)
Confirm with . or Enter, or press ? or * to list all spells.
Aiming: Searing Ray (safe; 1% risk of failure)
Press: ? - help, Shift-Dir - straight line, f - bullfrog zombie
Aim: a bullfrog zombie (88% to hit)
The searing ray hits the hornet zombie.
The hornet zombie is lightly damaged.
The searing ray hits the bullfrog zombie!
The bullfrog zombie is moderately damaged. (Press . to maintain the ray.)
You block the hornet zombie's attack.
The bullfrog zombie attacks as you move away!
You block the bullfrog zombie's attack. The hornet zombie hits you.
* * * LOW HITPOINT WARNING * * *
The hornet zombie hits you.
* * * LOW HITPOINT WARNING * * *
Okay, then.
Casting: Searing Ray (safe; 1% risk of failure)
Confirm with . or Enter, or press ? or * to list all spells.
Aiming: Searing Ray (safe; 1% risk of failure)
Press: ? - help, Shift-Dir - straight line, f/p - bullfrog zombie
Aim: a bullfrog zombie (moderately damaged, 88% to hit)
The searing ray hits the bullfrog zombie!
The bullfrog zombie is heavily damaged. (Press . to maintain the ray.)
The bullfrog zombie hits you.
* * * LOW HITPOINT WARNING * * *
A demonic guardian appears!
You block the hornet zombie's attack.
Casting: Searing Ray (safe; 1% risk of failure)
Confirm with . or Enter, or press ? or * to list all spells.
Restarting spell: Searing Ray (safe; 1% risk of failure)
Press: ? - help, Shift-Dir - straight line, p - bullfrog zombie The searing ray hits the hornet zombie.
The hornet zombie is lightly damaged. (Press . to maintain the ray.)
The bullfrog zombie completely misses you.
The hornet zombie hits you!
* * * LOW HITPOINT WARNING * * *
The bullfrog zombie hits you.
You die...

.# M+ ##### #####.#
#..∩# #...#Z+
#.∩.###...#.#
#...#.#@Z.#.+
###.##'##'##Z##.###
#.'..........4..'.#
###'#+#+#+#'#'#'###
# #.#.#.# #######


You could see a bullfrog zombie (ally target), a hornet zombie and a friendly
rust devil (summoned).

Vanquished Creatures
  2 black bears (D:4)
  2 hornet zombies (Ossuary)
  An ice beast (D:5)
  A necrophage (D:4)
  A centaur zombie (Ossuary)
  2 bullfrog zombies (Ossuary)
  An orc wizard (D:4)
  An iguana (D:5)
  3 killer bee zombies (Ossuary)
  6 mummies (Ossuary)
  6 adders
  A white imp (D:5)
  2 worms
  2 dart slugs (D:1)
  4 orcs
  6 ball pythons
  6 bats
  5 endoplasms
  3 giant cockroaches
  5 hobgoblins
  5 jackals (D:1)
  12 kobolds
  2 quokkas
  4 frilled lizards (D:2)
  3 goblins
  2 rats (D:2)
88 creatures vanquished.

Vanquished Creatures (collateral kills)
  A water moccasin zombie (Ossuary)
  An iguana (D:4)
2 creatures vanquished.

Vanquished Creatures (others)
  5 withered plants (Ossuary)
5 creatures vanquished.

Grand Total: 95 creatures vanquished

Notes
Turn   | Place    | Note
-------+----------+-------------------------------------------
     0 | D:1      | croobank the Demonspawn Conjurer began the quest for the
                  | Orb.
     0 | D:1      | Reached XP level 1. HP: 13/13 MP: 3/3
   229 | D:1      | Gained mutation: You regenerate magic rapidly. [demonic
                  | ancestry]
   229 | D:1      | Reached XP level 2. HP: 16/19 MP: 1/5
   232 | D:1      | Learned a level 2 spell: Searing Ray
   559 | D:1      | Reached XP level 3. HP: 24/24 MP: 1/6
   563 | D:1      | Learned a level 3 spell: Dazzling Flash
   811 | D:1      | Found a faded altar of an unknown god.
  1625 | D:2      | Gained mutation: A weak demonic guardian rushes to your
                  | aid. [demonic ancestry]
  1625 | D:2      | Reached XP level 4. HP: 30/30 MP: 2/7
  2437 | D:3      | Found a runed translucent gate.
  2437 | D:3      | Found a runed translucent gate.
  2437 | D:3      | Found a runed translucent gate.
  2459 | D:3      | Found an opulent altar of Gozag.
  2460 | D:3      | Noticed a necrophage
  2460 | D:3      | Noticed Dietz's ghost (amateur VSBr)
  2928 | D:4      | Noticed a black bear
  3001 | D:4      | Killed a black bear
  3002 | D:4      | Reached skill level 1 in Fighting
  3002 | D:4      | Gained mutation: A demonic guardian rushes to your aid.
                  | [demonic ancestry]
  3002 | D:4      | Reached XP level 5. HP: 14/37 MP: 6/9
  3027 | D:4      | Reached skill level 1 in Hexes
  3247 | D:4      | Noticed a black bear
  3379 | D:4      | Killed a black bear
  3380 | D:4      | Gained mutation: You are partially covered in large bone
                  | plates. (SH +4) [demonic ancestry]
  3380 | D:4      | Reached XP level 6. HP: 43/43 MP: 2/10
  3442 | D:4      | Reached skill level 5 in Conjurations
  4002 | D:4      | Gained mutation: You sometimes lose your temper in combat.
                  | [potion of mutation]
  4002 | D:4      | Gained mutation: Your mind is acute. (Int +4, Str/Dex -1)
                  | [potion of mutation]
  4240 | D:5      | Entered Level 5 of the Dungeon
  4330 | D:5      | Noticed an ice beast
  4334 | D:5      | Killed an ice beast
  4335 | D:5      | Reached XP level 7. HP: 50/50 MP: 7/12
  4362 | D:5      | Found a sand-covered staircase.
  4374 | Ossuary  | Entered an ossuary
  4650 | Ossuary  | Reached XP level 8. HP: 22/58 MP: 1/14
  4654 | Ossuary  | Slain by a bullfrog zombie

Illustrated notes

Levels and vault maps discovered:
D:1:      dpeg_arrival_long_road, layout_rooms,
          dreamdust_ecumenical_altar_grove, kennysheep_flooded_box
D:2:      layout_loops_ring, minmay_misc_feat_iff, minivault_5
D:3:      layout_loops_corners, ebering_ghost_gozag, chequers_decorated_corner,
          minmay_misc_feat_rows
D:4:      layout_rooms, amcnicky_mini_rare_corridor_liquid, grunt_ministairs_3,
          minmay_fractal_squares_diagonal_5
D:5:      layout_basic, nicolae_ossuary_entry_ruins
Ossuary:  ossuary_zaba_flooded

Skill      XL: |  1  2  3  4  5  6  7 |
---------------+----------------------+-----
Stealth        | 2 3 4 |  4.3
Dodging        | 2 3 |  3.9
Fighting       | 1 2 3 |  3.1
Spellcasting   | 3 4 |  4.1
Hexes          | 1 2 3 |  3.0
Conjurations   | 5 |  5.6

Action                   |  1- 3 |  4- 6 |  7- 9 || total
-------------------------+-------+-------+-------++-------
Melee: Short sword       |    22 |    30 |    20 ||    72
       Unarmed           |     6 |       |       ||     6
 Cast: Magic Dart        |    48 |    58 |     6 ||   112
       Searing Ray       |     9 |    19 |    18 ||    46
       Dazzling Flash    |       |     2 |       ||     2
  Use: Scroll            |       |    12 |       ||    12
       Potion            |       |     3 |     1 ||     4
 Stab: Sleeping          |     1 |       |       ||     1
Armor: Robe              |    12 |     9 |     6 ||    27
       Skin              |       |    11 |       ||    11
Dodge: Dodged            |    18 |    30 |    20 ||    68
Block: Other             |     2 |    14 |    26 ||    42
